 Dungeon Crawl Stone Soup version 0.25.0-41-g26779e291d (webtiles) character file.

Game seed: 17027974069947030870

411 Ethylacetat the Poker (level 6, -10/43 HPs)
             Began as an Octopode Gladiator on July 10, 2020.
             Was a Follower of Okawaru.
             Mangled by an ogre
             ... wielding a +0 giant club
              (21 damage)
             ... on level 4 of the Dungeon.
             The game lasted 00:04:58 (3286 turns).

Ethylacetat the Poker (Octopode Gladiator)          Turns: 3286, Time: 00:04:59

Health: -10/43     AC:  1    Str: 15    XL:     6   Next: 90%
Magic:  8/8        EV: 14    Int: 10    God:    Okawaru [*.....]
Gold:   189        SH:  0    Dex: 14    Spells: 5/5 levels left

rFire    . . .     SeeInvis .   a - +0 trident
rCold    . . .     Gourm    .   (no shield)
rNeg     . . .     Faith    .   b - +0 hat
rPois    .         Spirit   .   (no amulet)
rElec    .         Reflect  .   (no ring)
rCorr    .         Harm     .   (no ring)
MR       .....                  (no ring)
Stlth    ++........             (no ring)
HPRegen  0.14/turn              (no ring)
MPRegen  0.11/turn              (no ring)
                                (no ring)
                                (no ring)

@: no status effects
A: almost no armour, stealthy swim, amphibious, 8 rings, constrict 8, camouflage
1, gelatinous body 1
a: Heroism, Renounce Religion


You were on level 4 of the Dungeon.
You worshipped Okawaru.
Okawaru was aware of your devotion.
You were not hungry.

You visited 1 branch of the dungeon, and saw 4 of its levels.

You collected 189 gold pieces.

Inventory:

Hand Weapons
 a - a +0 trident (weapon)
Missiles
 c - 3 throwing nets (quivered)
Armour
 b - a +0 hat (worn)
Jewellery
 h - an uncursed ring of positive energy {unknown}
Wands
 i - a wand of random effects (18)
Scrolls
 e - a scroll of remove curse {unknown}
 j - 3 scrolls of identify {unknown}
 m - a scroll of magic mapping {unknown}
 n - a scroll of teleportation {unknown}
Potions
 f - 3 potions of flight {unknown}
 g - 3 potions of curing {unknown}
 l - a potion of mutation {unknown}
Comestibles
 d - 12 rations
 k - a chunk of flesh


   Skills:
 + Level 4.0 Fighting
 * Level 5.9 Polearms
 - Level 2.0 Throwing
 - Level 3.0 Dodging
 + Level 2.8 Invocations


You had 5 spell levels left.
You didn't know any spells.
Your spell library was empty.

Dungeon Overview and Level Annotations

Branches:
Dungeon (4/15)             Temple (0/1) D:4

Altars:
Dithmenos
Nemelex Xobeh
Okawaru
Ru
Xom
The Shining One


Innate Abilities, Weirdness & Mutations

You cannot wear most types of armour.
You are very stealthy in the water. (Stealth+)
You are amphibious.
You can wear up to eight rings at the same time.
You can use your tentacles to constrict eight enemies at once.
Your skin changes colour to match your surroundings (Stealth+).
Your rubbery body absorbs attacks. (AC +1, EV +1)


Message History

You are too injured to fight recklessly!
You barely miss the orc.
The orc is heavily wounded.
You constrict the orc.
You kill the orc!
Okawaru accepts your kill.
You puncture the orc!
You kill the orc!
Okawaru accepts your kill.
You hit the ogre. You squeeze the ogre!
The ogre is heavily wounded.
The ogre hits you with a +0 giant club!
* * * LOW HITPOINT WARNING * * *
You hit the ogre.
The ogre is heavily wounded.
The ogre closely misses you.
You puncture the ogre!
The ogre is almost dead.
The ogre hits you with a +0 giant club!!
You die...

...#.....# ....# .#
+###..##.# ..... .
....)###.##.#.###.
_....#
#รท.........######
##.(.# #.#..#.##.#.....#
..(..###.#..#.##.#.....#
.(...#.....##...>.)....#
(###..##...##.##O#..$..#
...#..##......##@#.....#
...#..###........#######
.####.# #.###.####
...#..# #.# #.# ...#..
#.# #[# ..#### #.. ..#
.## ### #.. ###### #..
.....# ##.


You could see an ogre.

Vanquished Creatures
  Sigmund (D:2)
  A centaur (D:4)
  A bullfrog zombie (D:3)
  6 adders
  2 oozes
  An adder skeleton (D:4)
  2 worms (D:2)
  2 dart slugs
  4 leopard geckos
  5 orcs
  2 giant cockroaches
  7 goblins
  3 hobgoblins
  9 jackals
  2 quokkas
  2 ball pythons (D:1)
  4 bats
  6 frilled lizards
  A jackal skeleton (D:4)
  6 kobolds
  A leopard gecko skeleton (D:4)
  7 rats
75 creatures vanquished.

Notes
Turn   | Place    | Note
-------+----------+-------------------------------------------
     0 | D:1      | Ethylacetat the Octopode Gladiator began the quest for the
                  | Orb.
     0 | D:1      | Reached XP level 1. HP: 14/14 MP: 1/1
   101 | D:1      | Reached XP level 2. HP: 19/19 MP: 2/2
   388 | D:1      | Reached XP level 3. HP: 25/25 MP: 3/3
   866 | D:2      | Reached skill level 4 in Polearms
   918 | D:2      | Found a shimmering altar of Xom.
   925 | D:2      | Found a sparkling altar of Nemelex Xobeh.
  1063 | D:2      | Found an iron altar of Okawaru.
  1068 | D:2      | Reached XP level 4. HP: 30/30 MP: 4/4
  1079 | D:2      | Became a worshipper of Warmaster Okawaru
  1337 | D:2      | Noticed Sigmund
  1537 | D:2      | Killed Sigmund
  1537 | D:2      | Reached * piety under Okawaru
  1537 | D:2      | Reached skill level 5 in Polearms
  1537 | D:2      | Reached XP level 5. HP: 7/36 MP: 4/6
  1537 | D:2      | Reached XP level 6. HP: 8/42 MP: 4/7
  2411 | D:3      | Found a glowing golden altar of the Shining One.
  2806 | D:4      | Found a staircase to the Ecumenical Temple.
  2894 | D:4      | Found a shadowy altar of Dithmenos.
  2951 | D:4      | Found a sacrificial altar of Ru.
  3286 | D:4      | Mangled by an ogre

Illustrated notes

Levels and vault maps discovered:
D:1:      lightli_arrival_chessboard, layout_loops_cross, serial_forest,
          infiniplex_forest_lined_3, infiniplex_forest_corner_1,
          infiniplex_forest_side_room, infiniplex_forest_straight_3,
          infiniplex_forest_clump_small, infiniplex_forest_join,
          minmay_pentomino_q2
D:2:      layout_basic, nemelex_xobeh_ov_fountains_minmay, lemuel_round_altar,
          nicolae_overflow_crystal_walls, uniq_sigmund
D:3:      layout_loops_ring, tso_metal_star, first_ration
D:4:      layout_loops_cross, hangedman_ru_absence, lemuel_round_altar,
          lemuel_crystal_altar, eat_drink_and_be_merry_uskayaw,
          minmay_temple_entry_fiery, minmay_pentomino_pile

Skill      XL: |  1  2  3  4  5  6 |
---------------+-------------------+-----
Polearms       | 4 5 |  5.9
Fighting       | 3 4 |  4.0
Invocations    | 2 |  2.8
Throwing       | |  2.0
Dodging        | |  3.0

Action                   |  1- 3 |  4- 6 || total
-------------------------+-------+-------++-------
Melee: Trident           |    57 |   107 ||   164
       Constrict         |    14 |    15 ||    29
       Tentacles         |    10 |    15 ||    25
 Stab: Sleeping          |    10 |     8 ||    18
  Eat: Chunk             |       |     7 ||     7
Armor: Skin              |     2 |     7 ||     9
Dodge: Dodged            |    36 |    48 ||    84
